Cogmind - Beta 9.6 @@@ ROGUE MODE // 2020.08.21 @ 08:20:05 Player: Exp. Geonium Core Result: Self-destructed Performance ------------- Evolutions (1) 500 Regions Visited (2) 400 Robots Destroyed (5) 25 Value Destroyed (48) 48 Prototype IDs (0) 0 Alien Tech Used (0) 0 Bonus (0) 0 TOTAL SCORE: 973 Bonus ------- None Cogmind --------- Core Integrity 312/400 Matter 276/300 Energy 100/100 System Corruption 0% Temperature Cool (0) Movement Treading (220) Ox3 Location -9/Materials Parts ------- > --- POWER (1) -------- (None) > --- PROPULSION (2) --- Light Treads > --- UTILITY (4) ------ High-capacity Storage Unit High-capacity Storage Unit Sensor Array Improved Signal Interpreter > --- WEAPON (2) ------- Light Assault Rifle > --- INVENTORY (20) --- Improved Hover Unit Improved Hover Unit Medium Storage Unit Medium Storage Unit Large Storage Unit Large Storage Unit Peak State ------------ > --- POWER ------------ (None) > --- PROPULSION ------- Light Treads Light Treads > --- UTILITY ---------- High-capacity Storage Unit High-capacity Storage Unit Sensor Array Improved Signal Interpreter > --- WEAPON ----------- Light Assault Rifle Light Assault Rifle > --- INVENTORY -------- Medium Storage Unit Medium Storage Unit Large Storage Unit Large Storage Unit [Rating: 9] Favorites ----------- Power None Propulsion Light Treads Treads Light Treads Utility Improved Signal Interpreter Device Sensor Array Storage High-capacity Storage Unit Processor Improved Signal Interpreter Weapon Light Assault Rifle Ballistic Gun Light Assault Rifle Build | -11 -10 -9 ------- Run | Scr Mat Mat Slots Evolved 2 | . . 2 Power . | . . . Propulsion . | . . . Utility 2 | . . 2 Weapon . | . . . Parts Attached 9 | 2 5 2 Power . | . . . Engine . | . . . Core . | . . . Reactor . | . . . Propulsion 2 | 2 . . Treads 2 | 2 . . Leg . | . . . Wheel . | . . . Hover . | . . . Flight . | . . . Utility 5 | . 3 2 Device 1 | . 1 . Storage 2 | . . 2 Processor 2 | . 2 . Hackware . | . . . Protection . | . . . Artifact . | . . . Weapon 2 | . 2 . Energy Gun . | . . . Energy Cannon . | . . . Ballistic Gun 2 | . 2 . Ballistic Cannon . | . . . Launcher . | . . . Special Weapon . | . . . Impact Weapon . | . . . Slashing Weapon . | . . . Piercing Weapon . | . . . Special Melee Weapon . | . . . Unidentified Prototypes . | . . . Parts Lost 2 | . . 2 Power . | . . . Propulsion 1 | . . 1 Utility . | . . . Weapon 1 | . . 1 Highest Loss Streak 2 | . . 2 Average Slot Usage (%) 76 | . 74 79 Treads 25 | . 28 21 Device 8 | . 6 11 Storage 5 | . . 15 Processor 15 | . 17 11 Ballistic Gun 20 | . 20 21 Naked Turns . | . . . Heaviest Build 67 | . 3 67 Greatest Support 40 | 3 3 40 Greatest Overweight (x) 3 | . . 3 Average Overweight (x) . | . . . Largest Inventory Capacity 20 | 4 4 20 Average Capacity 8 | 4 4 15 Most Carried 6 | 3 4 6 Average Carried 3 | 1 2 5 Final Capacity 20 | 4 4 20 Final Carried 6 | 3 4 6 Class Distribution -------------------- 72% | Mutant 27% | Hauler-Mutant Dominant Class ---------------- Mutant | -10/Materials Hauler-Mutant | -9/Materials Resources | -11 -10 -9 ----------- Run | Scr Mat Mat Matter Collected 314 | 171 133 10 Remotely . | . . . Salvage Created 165 | . 147 18 Parts 9 | . 6 3 Haulers Intercepted . | . . . Recyclers Shooed . | . . . Parts Field Recycled . | . . . Retrieved Matter . | . . . Parts Self-Destructed . | . . . Prevented . | . . . Kills | -11 -10 -9 ------- Run | Scr Mat Mat Combat Hostiles Destroyed . | . . . Classes Destroyed 3 | . 3 . Builder 2 | . 1 1 Recycler 1 | . 1 . Watcher 2 | . 2 . Best Kill Streak 2 | . 2 1 Combat Bots Only . | . . . Max Kills in Single Turn 1 | . 1 1 Gunslinging . | . . . Exploded . | . . . Melee . | . . . Uniques/NPCs Destroyed . | . . . Combat | -11 -10 -9 -------- Run | Scr Mat Mat Damage Taken 461 | . 47 414 Core 98 | . 10 88 Absorbed by Shields . | . . . Core Remaining (%) 98 | 100 96 . Volleys Fired 35 | . 26 9 Largest 2 | . 2 2 Hottest 40 | . 40 40 Shots Fired 58 | . 40 18 Gun 58 | . 40 18 Cannon . | . . . Launcher . | . . . Special . | . . . Kinetic 58 | . 40 18 Thermal . | . . . Explosive . | . . . Electromagnetic . | . . . Robot Hit Streak 8 | . 8 5 Robot Miss Streak 5 | . 4 5 Penetration Max . | . . . Secondary Targets . | . . . Shots Hit Robots 35 | . 26 9 Core Hits 11 | . 8 3 Critical Hits . | . . . Critical Kills . | . . . Critical Parts Destroyed . | . . . Melee Attacks . | . . . Impact . | . . . Slashing . | . . . Piercing . | . . . Sneak Attacks . | . . . Combat Hostiles . | . . . Follow-up Attacks . | . . . Damage Inflicted 288 | . 209 79 Guns 288 | . 209 79 Cannons . | . . . Explosions . | . . . Melee . | . . . Ramming . | . . . Kinetic 288 | . 209 79 Thermal . | . . . Explosive . | . . . Electromagnetic . | . . . Impact . | . . . Slashing . | . . . Piercing . | . . . Highest Corruption . | . . . Average Corruption . | . . . Corruption Purged . | . . . Overload Shots . | . . . Overflow Damage . | . . . Projectiles . | . . . Explosions . | . . . Melee . | . . . Knockbacks . | . . . Impact . | . . . Kinetic . | . . . Secondary . | . . . Self-Inflicted Damage . | . . . Shots . | . . . Rammed . | . . . Targets Rammed . | . . . Kicked . | . . . Crushed . | . . . Highest Temperature . | . . . Average Temperature . | . . . Received Heat Transfer 174 | . 12 162 Siege Activations . | . . . Robots Corrupted . | . . . Combat Hostiles . | . . . Parts Fried . | . . . Impact Corruptions . | . . . Robots Melted . | . . . Combat Hostiles . | . . . Parts Melted . | . . . Heat Transferred . | . . . Parts Sabotaged . | . . . Parts Stolen . | . . . Parts Stripped . | . . . Power Chain Reactions . | . . . Missiles Intercepted . | . . . Alert | -11 -10 -9 ------- Run | Scr Mat Mat Peak Influence 84 | . 84 70 Average Influence 41 | . 35 58 Maximum Alert Level . | . . . Low Security (%) 100 | 100 100 100 Level 1 . | . . . Level 2 . | . . . Level 3 . | . . . Level 4 . | . . . Level 5 . | . . . High Security . | . . . Max Security . | . . . Squads Dispatched 2 | . 1 1 Investigation . | . . . Extermination . | . . . Reinforcement 2 | . 1 1 Assault . | . . . Garrison . | . . . Intercept . | . . . Construction Impeded . | . . . Haulers Reinforced . | . . . Stealth | -11 -10 -9 --------- Run | Scr Mat Mat Distress Signals 3 | . 2 1 Communications Jammed . | . . . Distress Signals . | . . . Times Spotted 21 | . 13 8 Peak Tracking Total 11 | . 11 8 Tactical Retreats 1 | . 1 . Traps | -11 -10 -9 ------- Run | Scr Mat Mat Traps Triggered . | . . . Indirectly . | . . . Trap Hack Attempts . | . . . Triggered . | . . . Disarmed . | . . . Reprogrammed . | . . . Reused . | . . . Traps Extracted . | . . . Installed . | . . . Triggered . | . . . Machines | -11 -10 -9 ---------- Run | Scr Mat Mat Machines Disabled . | . . . Max in Single Turn . | . . . Machines Sabotaged . | . . . Garrisons Compromised . | . . . Overloaded Fab Kills . | . . . Fab Network Shutdowns . | . . . Hacking | -11 -10 -9 --------- Run | Scr Mat Mat Machines Accessed . | . . . Terminals . | . . . Fabricators . | . . . Repair Stations . | . . . Recycling Units . | . . . Scanalyzers . | . . . Garrison Access . | . . . Total Hacks . | . . . Successful . | . . . Failed . | . . . Catastrophic . | . . . Database Lockouts . | . . . Manual . | . . . Terminals . | . . . Fabricators . | . . . Repair Stations . | . . . Recycling Units . | . . . Scanalyzers . | . . . Garrison Access . | . . . Terminal Hacks . | . . . Fabricator Hacks . | . . . Repair Station Hacks . | . . . Recycling Unit Hacks . | . . . Scanalyzer . | . . . Garrison Access Hacks . | . . . Unauthorized Hacks . | . . . Terminals . | . . . Fabricators . | . . . Repair Stations . | . . . Recycling Units . | . . . Scanalyzers . | . . . Garrison Access . | . . . Data Cores Recovered . | . . . Used . | . . . Hacking Detections . | . . . Full Trace Events . | . . . Feedback Events . | . . . Feedback Blocked . | . . . Robot Schematics Acquired . | . . . Robots Built . | . . . Matter . | . . . Time . | . . . Total Robot Build Rating . | . . . Part Schematics Acquired . | . . . Parts Built . | . . . Matter . | . . . Time . | . . . Total Part Build Rating . | . . . Parts Repaired . | . . . Time . | . . . Parts Recycled . | . . . Recycled Matter . | . . . Retrieved Matter . | . . . Retrieved Components . | . . . Parts Scanalyzed . | . . . Part Schematics Acquired . | . . . Parts Damaged . | . . . Bothacking | -11 -10 -9 ------------ Run | Scr Mat Mat Used RIF Installer . | . . . Robots Hacked . | . . . Non-combat . | . . . Combat . | . . . Robot Hacks Applied . | . . . Relay Couplers Released . | . . . Robots Rewired . | . . . Allies Hacked . | . . . Hacks Repelled . | . . . Allies | -11 -10 -9 -------- Run | Scr Mat Mat Total Allies . | . . . Largest Group . | . . . Highest-Rated Group . | . . . Highest-Rated Ally . | . . . Total Orders . | . . . Ally Attacks . | . . . Total Damage . | . . . Kills . | . . . Allies Corrupted . | . . . Allies Melted . | . . . Intel | -11 -10 -9 ------- Run | Scr Mat Mat Robot Analysis Total . | . . . Derelict Logs Recovered . | . . . Drone Launches . | . . . Drone Recoveries . | . . . Exploration | -11 -10 -9 ------------- Run | Scr Mat Mat Turns Passed 426 | 24 250 152 Spaces Moved 463 | 36 334 93 Core 406 | 36 334 36 Treads 57 | . . 57 Legs . | . . . Wheels . | . . . Hover . | . . . Flight . | . . . Fastest Speed 50 | 50 50 50 Average Speed 66 | 50 50 132 Slowest Speed 220 | 50 50 220 Overloaded Moves . | . . . Propulsion Burnouts . | . . . Robots Hopped . | . . . Cave-ins Triggered . | . . . Exploration Rate (%) 19 | 3 41 13 Regions Visited 2 Branch Regions . Pre-discovered Areas . | . . . Known Exits Taken 1 | . 1 . Unknown Exits Taken 1 | 1 . . Scrap Searched . | . . . Spaces Dug . | . . . Terrain Destroyed . | . . . Melee . | . . . Projectile . | . . . AOE . | . . . Actions | -11 -10 -9 --------- Run | Scr Mat Mat Total 529 | 40 383 106 Wait 13 | . 13 . Move 461 | 35 333 93 Hop . | . . . Pick Up 9 | 3 4 2 Fast Attach 7 | 2 3 2 Attach 2 | . 2 . Detach . | . . . Swap . | . . . Drop 2 | . 2 . Fire 35 | . 26 9 Melee . | . . . Ram . | . . . Kick . | . . . Crush . | . . . Escape Stasis . | . . . Rewire . | . . . Trap . | . . . Miscellaneous . | . . . Route ------- -11/Scrapyard -10/Materials (discovered 2 exits: *Mat / [*Min]) -9/Materials History --------- Turn | Location | Event 4 | -11/Scrapyard | Discovered new exit (range 15) 25 | -11/Scrapyard | Entered Materials 55 | -10/Materials | Discovered new exit (range 16) 273 | -10/Materials | Discovered new exit (range 4) 274 | -10/Materials | Identified exit to Materials 275 | -10/Materials | Entered another Materials area 275 | -9/Materials | Evolved 2 slots: Utility x2 303 | -9/Materials | Build established: Mutant 427 | -9/Materials | Self-destructed Last Messages --------------- 00294_ K-01 Serf collects debris. 00317_ Acquired Hcp. Storage Unit. 00319_ K-01 Serf collects debris. 00320_ Acquired Hcp. Storage Unit. 00322_ K-01 Serf cleans the Purification Channel. 00323_ Acquired Imp. Hover Unit. 00325_ K-01 Serf cleans the Purification Channel. 00326_ Acquired Imp. Hover Unit. 00329_ K-01 Serf collects debris. 00335_ K-01 Serf cleans the Purification Channel. 00356_ O-16 Technician: "IFF HANDSHAKE FAILED. SECURING TERMINAL." 00360_ K-01 Serf collects debris. 00361_ ALERT: Hostiles spotted, dispatching reinforcements to Terminal M007. 00364_ K-01 Serf collects debris. 00396_ Terminal disabled. 00397_ K-01 Serf collects debris. 00411_ Lgt. Assault Rifle destroyed. 00413_ Lgt. Treads destroyed. 00414_ U-05 Engineer lays Concrete. Map ----- +----------------------------------------------------+ | ?????????????????????????????????????????????????? | | ?????????????????????????????????????????????????? | | ?????????????????????????????????????????????????? | | ?????????????????????????????????????????????????? | | ?????????????????????????????????????????????????? | | ?????????????????????????????????????????????????? | | ?????????????????????????????????????????????????? | | ?????????????????????????????????????????????????? | | ?????????????????????????????????????????????????? | | ???????????????????????????????????########??????? | | ???????????????????????????????????# #??????? | | ???????????????????????????????????# #??????? | | ???????????????????????????????????# """" #??????? | | ???????????????????????????????????# """" #??????? | | ??????????????????? ???????????????# """" #??????? | | ??????????????????a ???????????????? ???????? | | ?????????????????? !#################/####?????? | | ??????????????????? t #?????? | | ???????????????????? u #?????? | | ??????????????????a?? #?????? | | ?????????????????????# Y #######???? | | ?????????????????????#s """ u""" #? #? | | ?????????????????????#s """ u""" #?""" #? | | ?????????????????????# s""" """ # "R" #? | | ?????????????????????# g " " # " " #? | | ?????????????????????+ @ + #? | | ?????????????????????# g # """"" #? | | ?????????????????????# ######## # """""??? | | ?????????????????????# ???????# #? """"???? | | ?????????????????????# ???????# Y #? ???? | | ?????????????????????# ???????# ########??? | | ?????????????????????# ????????# #??? | | ?????????????????????# ????????# #??# | | ?????????????????????# ????????# #? | | ?????????????????????# ????????# #? | | ?????????????????????# ?????????# " " # | | ?????????????????????# ?????????# """ """ # | | ?????????????????????# ?????????# "" "" + | | ?????????????????????# ???# ???# """ """ # | | ?????????????????????#????# ""??# "" "" # | | ??????????????????????????# ""??# """ """ #? | | ??????????????????????????# """?# """ !""" ##?## | | ??????????????????????????# ?# """|%""" #???? | | ??????????????????????????# """ # " ! " #???? | | ??????????????????????????# """ # #???? | | ??????????????????????????# """ + #???? | | ??????????????????????????# # #???? | | ??????????????????????????# !# #???? | | ??????????????????????????# ?# ! #???? | | ??????????????????????????#####?# #???? | +----------------------------------------------------+ Best States ------------- Heat Dissipation 28 Energy Generation 5 Energy Capacity 100 Matter Stores 298 Matter Capacity 300 Sight Range 16 Robot Scan Range 10 Terrain Scan Density 10 Evasion (%) 50 Recoil Reduction 2 Item Schematics ----------------- None Robot Schematics ------------------ None Fabricated ------------ Nothing Alien Tech Used ----------------- None Achievements -------------- None Challenges ------------ None Game ------ Seed DispersionImpactManipulator Manual? 0 Play Time 00:06:34 Cumulative 34.7 hours Start 2020.08.21 @ 08:13:46 End 2020.08.21 @ 08:20:05 Sessions 1 Manual Loads 0 Difficulty Rogue Special Mode None Game No. 58 Rogue 58 Adventurer 0 Explorer 0 Win Type - Total 1 Types 1/0/0/0/0/0/0 Lore% 33 Gallery% 44 Achievement% 37 Wizard Run 0 Options --------- ASCII 0 Keyboard 0 Movement Mouse Keybinds 0 Fullscreen 1 Font 18/Smallcaps Map View 76x50 Tactical HUD 1 Map Filters NONE Filters NONE Steam 1 RUN: f3a5c22e-a0ec-4db7-81cf-5cb1e2749e79